 Dungeon Crawl Stone Soup version 0.29.1-13-g9f3cf754e1 (webtiles) character file.

Game seed: 3346226232968306738

24 Yallendallis the Covered (level 3, -6/29 HPs)
             Began as a Human Fighter on Feb 2, 2023.
             Mangled by Terence
             ... wielding a +0 trident
              (8 damage)
             ... on level 2 of the Dungeon.
             The game lasted 00:09:52 (1099 turns).

Yallendallis the Covered (Human Fighter)            Turns: 1099, Time: 00:09:53

Health: -6/29      AC:  6    Str: 16    XL:     3   Next: 15%
Magic:  3/3        EV:  8    Int:  8    God:
Gold:   52         SH:  5    Dex: 14    Spells: 2/2 levels left

rFire   . . .      SeeInvis .   a - +0 rapier
rCold   . . .      Faith    .   c - +0 buckler
rNeg    . . .      Spirit   .   b - +0 scale mail
rPois   .          Reflect  .   (no helmet)
rElec   .          Harm     .   (no cloak)
rCorr   .          Rampage  .   (no gloves)
Will    .....                   (no boots)
Stlth   ..........              (no amulet)
HPRegen 0.09/turn               (no ring)
MPRegen 0.08/turn               (no ring)

@: mighty
A: no striking features
a: no special abilities


You were on level 2 of the Dungeon.
You visited 1 branch of the dungeon, and saw 2 of its levels.

You collected 52 gold pieces.

Inventory:

Hand Weapons
 a - a +0 rapier (weapon)
Missiles
 f - 21 stones (quivered)
 l - 11 poisoned darts
Armour
 b - a +0 scale mail (worn)
 c - a +0 buckler (worn)
Scrolls
 e - a scroll of enchant weapon {unknown}
 g - a scroll of teleportation {unknown}
 h - a scroll of amnesia {unknown}
 j - a scroll of fear {unknown}
 m - a scroll of identify {unknown}
 n - a scroll of enchant armour {unknown}
 o - a scroll of fog {unknown}
Potions
 i - a potion of attraction {unknown}
 k - a potion of mutation {unknown}


   Skills:
 + Level 3.3 Fighting
 + Level 2.2 Short Blades
 + Level 3.4 Armour
 + Level 3.3 Shields


You had 2 spell levels left.
You didn't know any spells.
Your spell library contained the following spells:

 Spells                   Type           Power      Damage    Failure   Level
 Ignite Poison            Fire/Tmut/Pois 0%         N/A       99%         3
 Mephitic Cloud           Conj/Pois/Air  0%         N/A       99%         3
 Freezing Cloud           Conj/Ice/Air   0%         6-21      100%        5


Dungeon Overview and Level Annotations

Branches:
Dungeon (2/15)

Altars:

Shops:
D:1 (

Annotations:
D:2 Terence


Message History

r - Retreat! s - Stop attacking. g - Guard the area. f - Follow me.
Anything else - Cancel.
Okay, then.
Terence hits you but does no damage.
You see here a bat skeleton.
You hit Terence but do no damage. You block Terence's attack.
You barely miss Terence. Terence hits you with a +0 trident!
Terence hits you but does no damage.
You barely miss Terence. You block Terence's attack.
You hit Terence but do no damage. Terence hits you with a +0 trident.
You completely miss Terence. Terence hits you with a +0 trident!
* * * LOW HITPOINT WARNING * * *
Sorry, you're not good enough to have a special ability.
You feel very mighty all of a sudden. You block Terence's attack.
You hit Terence.
Terence is lightly wounded.
You block Terence's attack.
You barely miss Terence.
Terence is lightly wounded.
Terence completely misses you.
You hit Terence.
Terence is moderately wounded.
Terence hits you with a +0 trident.
* * * LOW HITPOINT WARNING * * *
You hit Terence.
Terence is heavily wounded.
Terence hits you but does no damage.
You hit Terence but do no damage.
Terence is heavily wounded.
Terence barely misses you.
You hit Terence but do no damage.
Terence is heavily wounded.
Terence hits you with a +0 trident.
* * * LOW HITPOINT WARNING * * *
You puncture Terence!
Terence is almost dead.
You block Terence's attack. Terence hits you with a +0 trident!
You die...

#.##................# #
#.....#.##.#...####.# #
#.....#.##.#........# #
######<.##.#...####.# #
#..##.#........# #
#..##.#.....##.#
##.##.#.>.#.##.#
#.##.#...#.##.#
##@##.#...#.##.#
#..@......#.##.##
#..##.##..#.#...###
######..##..............
#.......#####.##.#...###
######..#####.##.##.##
#...........##.#
##.###########.# #.# #.#


You could see Terence.

Vanquished Creatures
  3 bats
  An endoplasm (D:1)
  A giant cockroach (D:1)
  6 goblins
  3 hobgoblins (D:1)
  A kobold (D:1)
  2 quokkas
  A rat (D:1)
18 creatures vanquished.

Notes
Turn   | Place    | Note
-------+----------+-------------------------------------------
     0 | D:1      | Yallendallis the Human Fighter began the quest for the Orb.
     0 | D:1      | Reached XP level 1. HP: 18/18 MP: 1/1
   151 | D:1      | Found a faded altar of an unknown god.
   233 | D:1      | Reached XP level 2. HP: 24/24 MP: 2/2
   353 | D:1      | Found Guat's Antique Weapon Emporium.
   663 | D:2      | Reached XP level 3. HP: 29/29 MP: 3/3
  1054 | D:2      | Noticed Terence
  1099 | D:2      | Mangled by Terence

Illustrated notes

Levels and vault maps discovered:
D:1:      reono_arrival_forest_river, layout_basic, serial_shops, shop,
          ebering_ecumenical_altar_abandoned
D:2:      layout_loops_ring, kennysheep_minor_cross,
          chequers_serial_rivers_room_b, hangedman_decor_growths,
          chequers_serial_rivers_small_b, uniq_terence

Action                   || total
-------------------------++-------
Melee: Rapier            ||    74
  Use: Potion            ||     1
Armor: Scale mail        ||    28
Dodge: Dodged            ||    21
Block: Buckler           ||    12
